 Dungeon Crawl Stone Soup version 0.22.0-49-gab54619 (webtiles) character file.

711 Loudmushroom the Skirmisher (level 7, 44/44 HPs)
             Began as a Gargoyle Fighter on Sept 7, 2018.
             Quit the game on level 4 of the Dungeon.
             The game lasted 00:18:23 (4966 turns).

Loudmushroom the Skirmisher (Gargoyle Fighter)      Turns: 4966, Time: 00:18:24

Health: 44/44      AC: 16    Str: 21    XL:     7   Next: 68%
Magic:  7/7        EV:  7    Int:  9    God:
Gold:   133        SH:  9    Dex:  9    Spells: 6/6 levels left

rFire    . . .     SeeInvis .   a - +0 war axe (chop)
rCold    . . .     Gourm    .   c - +0 shield
rNeg     + . .     Faith    .   j - +0 scale mail
rPois    ∞         Spirit   .   u - +0 helmet (curse)
rElec    +         Reflect  .   p - +2 cloak {rPois}
rCorr    .         Harm     +   (no gloves)
MR       .....                  (no boots)
Stlth    ..........             y - amulet of harm
HPRegen  0.14/turn              (no ring)
MPRegen  0.10/turn              (no ring)

@: no status effects
A: negative energy resistance 1, electricity resistance, unbreathing,
petrification resistance, rot immunity, AC +4
a: no special abilities


You were on level 4 of the Dungeon.
You were not hungry.

You visited 1 branch of the dungeon, and saw 4 of its levels.

You collected 133 gold pieces.

Inventory:

Hand Weapons
 a - a +0 war axe of chopping (weapon)
 b - a +0 hunting sling
 i - a +0 mace
 B - a cursed +0 mace
Missiles
 g - a throwing net
 h - 83 stones (quivered)
 n - 14 poisoned needles
 w - 9 bolts
 x - 21 sling bullets
Armour
 c - a +0 shield (worn)
 j - a +0 scale mail (worn)
 p - a +2 cloak of poison resistance (worn)
 u - a cursed +0 helmet (worn)
Jewellery
 y - an amulet of harm (around neck)
Scrolls
 e - a scroll of blinking {unknown}
 k - 2 scrolls of remove curse {unknown}
 m - a scroll of identify {unknown}
 o - 2 scrolls of enchant armour {unknown}
 q - a scroll of random uselessness {unknown}
 r - 2 scrolls of magic mapping {unknown}
 s - a scroll of fear {unknown}
 t - a scroll of noise {unknown}
Potions
 d - a potion of might
 l - 3 potions of curing
 v - a potion of heal wounds {unknown}
 z - a potion of mutation {unknown}
Comestibles
 f - 6 rations


   Skills:
 + Level 5.2 Fighting
 * Level 5.0 Axes
 + Level 5.1 Armour
 + Level 5.1 Shields


You had 6 spell levels left.
You didn't know any spells.
Your spell library was empty.

Dungeon Overview and Level Annotations

Branches:
Dungeon (4/15)
 Temple: D:4-7

Altars:


Innate Abilities, Weirdness & Mutations

You are resistant to torment.
Your stone body is resilient. (AC +4)
You are immune to poison.
You resist negative energy. (rN+)
You are resistant to electric shocks. (rElec)
You can survive without breathing.
You are immune to petrification.
You are immune to rotting.


Message History

This raw flesh tastes terrible.
h - 83 stones (gained 11)
Found an escape hatch in the floor.
There is an escape hatch in the floor here.
You are feeling hungry.
l - 3 potions of curing (gained 1)
You see here an enchanted short sword.
There is a stone staircase leading up here.
Things that are here:
a falchion; a leather armour You are feeling very hungry.
You eat one of the 7 rations.
That ration really hit the spot!
An adder skeleton comes into view.
You block the adder skeleton's attack.
You slash the adder skeleton!
You destroy the adder skeleton!
Done exploring.
There is a stone staircase leading down here.
y - an amulet of harm (around neck) Are you sure you want to abandon this character and quit the game? (Confirm

.##..###..#####.# ###.....#....#
###..####.......# ##............#
###...##..###...###...#......#..#
##.......## ###......#...##.....#
...####..# ##..[###..####.....
..## ##..# ##....##...# #..#..#
...###...#####.......)))# #..#.##
##..#......##..........####....#
##.......#......@......###....##
.##.....###...................###
..#....###...........(..........#
...#...##..#...............#####.
..###.....###.##...........### #.
..# ##...## ##.#.............####
..# ##....####..........#.....##.
.####..##....#..........#####....
.###..######.............## ####.


There were no monsters in sight!

Vanquished Creatures
  Grinder (D:4)
  A sky beast (D:2)
  A scorpion (D:4)
  A hound (D:4)
  2 orc priests (D:4)
  Crazy Yiuf (D:2)
  Jessica (D:2)
  Terence (D:3)
  A worker ant (D:4)
  Robin (D:2)
  6 adders
  An ooze (D:3)
  5 adder skeletons
  2 worms (D:2)
  2 dart slugs
  2 leopard geckos
  6 orcs
  A bat skeleton (D:2)
  A bat zombie (D:2)
  2 giant cockroaches
  16 goblins
  8 hobgoblins
  7 jackals (D:1)
  5 kobolds
  4 quokkas
  A ball python skeleton (D:2)
  4 bats (D:1)
  5 frilled lizards
  9 rats
98 creatures vanquished.

Notes
Turn   | Place    | Note
-------+----------+-------------------------------------------
     0 | D:1      | Loudmushroom the Gargoyle Fighter began the quest for the
                  | Orb.
     0 | D:1      | Reached XP level 1. HP: 14/14 MP: 1/1
    73 | D:1      | Reached XP level 2. HP: 16/19 MP: 2/2
   662 | D:1      | Reached XP level 3. HP: 23/23 MP: 3/3
  1031 | D:2      | Noticed Robin
  1052 | D:2      | Killed Robin
  1052 | D:2      | Reached XP level 4. HP: 10/29 MP: 4/4
  1486 | D:2      | Found a faded altar of an unknown god.
  1588 | D:2      | Noticed a sky beast
  1604 | D:2      | Killed a sky beast
  1604 | D:2      | Reached XP level 5. HP: 29/33 MP: 5/5
  1797 | D:2      | Found a runed door.
  1850 | D:2      | Noticed Crazy Yiuf
  1856 | D:2      | Killed Crazy Yiuf
  2124 | D:2      | Reached XP level 6. HP: 39/39 MP: 6/6
  2143 | D:2      | Noticed Jessica
  2152 | D:2      | Killed Jessica
  3261 | D:3      | Noticed Terence
  3285 | D:3      | Killed Terence
  3507 | D:4      | Noticed Grinder
  3525 | D:4      | Paralysed by Grinder for 3 turns
  3539 | D:4      | Killed Grinder
  3539 | D:4      | Reached skill level 5 in Fighting
  3539 | D:4      | Reached XP level 7. HP: 14/44 MP: 7/7
  3834 | D:4      | Reached skill level 5 in Armour
  3834 | D:4      | Reached skill level 5 in Shields
  4042 | D:4      | Reached skill level 5 in Axes
  4966 | D:4      | Quit the game

Skill      XL: |  1  2  3  4  5  6  7 |
---------------+----------------------+-----
Axes           | 2 3 4 5 |  5.0
Fighting       | 4 5 |  5.2
Armour         | 4 5 |  5.1
Shields        | 4 5 |  5.1

Action                   |  1- 3 |  4- 6 |  7- 9 || total
-------------------------+-------+-------+-------++-------
Melee: War axe           |   119 |   220 |    27 ||   366
  Eat: Chunk             |     1 |     5 |     2 ||     8
       Ration            |       |     1 |     1 ||     2
Armor: Scale mail        |    72 |   117 |    12 ||   201
Dodge: Dodged            |    48 |    54 |     8 ||   110
Block: Shield            |    66 |   110 |    14 ||   190
